 Dungeon Crawl Stone Soup version 0.31.0-12-g77e489cdc1 (webtiles) character file.

Game seed: 5640982037043998003

11 McKennaii the Conjurer (level 2, -1/20 HPs)
             Began as a Demigod Conjurer on Feb 25, 2024.
             Slain by a jackal (2 damage)
             ... on level 1 of the Dungeon.
             The game lasted 00:00:38 (348 turns).

McKennaii the Conjurer (Demigod Conjurer)            Turns: 348, Time: 00:00:38

Health: -1/20      AC:  2    Str:  8    XL:     2   Next: 6%
Magic:  0/7        EV: 12    Int: 20    God:
Gold:   0          SH:  0    Dex: 12    Spells: 4/5 levels left

rFire   . . .        c - staff of alchemy
rCold   . . .        (no shield)
rNeg    . . .        a - +0 robe
rPois   +            (no helmet)
rElec   .            (no cloak)
rCorr   .            (no gloves)
SInv    .            (no boots)
Will    +....        (no amulet)
Stlth   ++           d - ring of willpower
HPRegen 0.23/turn    (no ring)
MPRegen 0.10/turn

%: no passive effects
@: no status effects
A: high MP 1, forlorn, divine attributes
a: no special abilities


You were on level 1 of the Dungeon.
You visited 1 branch of the dungeon, and saw 1 of its levels.

Inventory:

Armour
 a - a +0 robe (worn)
Magical Staves
 c - a staff of alchemy (weapon)
Jewellery
 d - a ring of willpower (left hand)
Potions
 b - a potion of magic


   Skills:
 - Level 1.7 Dodging
 - Level 1.7 Stealth
 + Level 2.1 Spellcasting
 + Level 3.9 Conjurations


You had 4 spell levels left.
You knew the following spells:

 Your Spells              Type           Power      Damage    Failure   Level
a - Magic Dart            Conj           68%        1d6       3%          1

Your spell library contained the following spells:

 Spells                   Type           Power      Damage    Failure   Level
 Searing Ray              Conj           34%        2d5       4%          2
 Fulminant Prism          Conj/Alch      7%         3d6       56%         4
 Iskenderun's Mystic Bla  Conj/Tloc      9%         2d4       56%         4


Dungeon Overview and Level Annotations

Branches:
Dungeon (1/15)


Innate Abilities, Weirdness & Mutations

You have an increased reservoir of magic. (+10% MP)
You shall have no god before yourself.
Your divine heritage dramatically boosts your attributes as you level up.


Message History

The jackal bites you.
* * * LOW HITPOINT WARNING * * *
The jackal barely misses you.
You closely miss the jackal.
The jackal is severely wounded.
The jackal barely misses you. The jackal bites you.
* * * LOW HITPOINT WARNING * * *
You hit the jackal.
You kill the jackal!
Casting: Magic Dart (safe; 3% risk of failure)
Confirm with . or Enter, or press ? or * to list all spells.
Aiming: Magic Dart (safe; 3% risk of failure)
Press: ? - help, Shift-Dir - straight line, f - jackal
Aim: a jackal (100% to hit)
The magic dart hits the jackal.
The jackal is almost dead.
The jackal bites you.
* * * LOW HITPOINT WARNING * * *
The jackal bites you.
* * * LOW HITPOINT WARNING * * *
Casting: Magic Dart (safe; 3% risk of failure)
Confirm with . or Enter, or press ? or * to list all spells.
Aiming: Magic Dart (safe; 3% risk of failure)
Press: ? - help, Shift-Dir - straight line, f/p - jackal
Aim: a jackal (almost dead, 100% to hit)
The magic dart hits the jackal but does no damage.
The jackal is almost dead.
The jackal bites you but does no damage.
Unknown command.
Casting: Magic Dart (safe; 3% risk of failure)
Confirm with . or Enter, or press ? or * to list all spells.
Okay, then.
You miss the jackal.
The jackal is almost dead.
The jackal barely misses you. The jackal bites you.
* * * LOW HITPOINT WARNING * * *
You hit the jackal but do no damage.
The jackal is almost dead.
The jackal bites you.
You die...

#......#
......
###.##.#######
#.##..(....#
#.##.......#
#.##..†....#
#.##.......#
#..........+
####.......#
## #@####### #
§§ #h# ♣§♣§
#.## ♣§♣ #..#
♣§○ ##'# ♣.♣⌠.
... .....
..... ♣♣.⌠.
....... #
♣.♣♣⌠
#.......# #.
♣.


You could see a jackal.

Vanquished Creatures
  A giant cockroach (D:1)
  2 goblins (D:1)
  3 jackals (D:1)
  A kobold (D:1)
  2 frilled lizards (D:1)
  2 rats (D:1)
11 creatures vanquished.

Notes
Turn   | Place    | Note
-------+----------+-------------------------------------------
     0 | D:1      | McKennaii the Demigod Conjurer began the quest for the Orb.
     0 | D:1      | Reached XP level 1. HP: 14/14 MP: 5/5
   339 | D:1      | Reached XP level 2. HP: 6/20 MP: 2/7
   345 | D:1      | HP: 1/20 [jackal (1)]
   348 | D:1      | Slain by a jackal

Illustrated notes

Levels and vault maps discovered:
D:1:      heliophobic_arrival_enchanted_forest, layout_basic,
          minmay_statues_item, serial_bayou_pond_e, minmay_stone_trees_medium

Skill      XL: |  1 |
---------------+----+-----
Spellcasting   | 2 |  2.1
Dodging        | |  1.7
Stealth        | |  1.7
Conjurations   | |  3.9

Action                     || total
---------------------------++-------
  Melee: Staff             ||    14
   Cast: Magic Dart        ||    19
 Armour: Robe              ||    18
  Dodge: Dodged            ||    15
